 Dungeon Crawl Stone Soup version 0.24-a0-280-g7cec4da (webtiles) character file.

Game seed: 12454958288302974897

6529 Ytarr the Basher (level 10, -1/90 HPs)
             Began as a Minotaur Fighter on May 1, 2019.
             Was a High Priest of Okawaru.
             Slain by a purple ugly thing (9 damage)
             ... on level 10 of the Dungeon.
             The game lasted 00:57:53 (7296 turns).

Ytarr the Basher (Minotaur Fighter)                 Turns: 7296, Time: 00:57:53

Health: -1/90      AC: 21    Str: 24    XL:     10   Next: 69%
Magic:  8/9        EV: 11    Int:  5    God:    Okawaru [*****.]
Gold:   340        SH: 15    Dex: 10    Spells: 9/9 levels left

rFire    . . .     SeeInvis .   a - +3 flail
rCold    . . .     Gourm    .   c - +1 shield
rNeg     + . .     Faith    .   k - +3 chain mail
rPois    .         Spirit   .   (helmet restricted)
rElec    .         Reflect  .   (no cloak)
rCorr    .         Harm     .   d - +0 pair of gloves
MR       .....                  v - +2 pair of boots
Stlth    ..........             x - amulet of regeneration
HPRegen  0.65/turn              i - ring of positive energy
MPRegen  0.11/turn              u - ring of flight

@: lethally poisoned (-1 -> -3), heroism
A: retaliatory headbutt, horns 2
a: Heroism, Finesse, Renounce Religion, Evoke Flight


You were on level 10 of the Dungeon.
You worshipped Okawaru.
Okawaru was extremely pleased with you.
You were hungry.

You visited 1 branch of the dungeon, and saw 10 of its levels.

You collected 587 gold pieces.
You spent 247 gold pieces at shops.

Inventory:

Hand Weapons
 a - a +3 flail (weapon)
 w - a +0 whip
 G - a +1 halberd of chopping
 I - a +1 hand axe of flaming
Armour
 b - a +0 scale mail
 c - a +1 shield (worn)
 d - a +0 pair of gloves (worn)
 k - a +3 chain mail (worn)
 v - a +2 pair of boots (worn)
 H - a +1 ring mail of fire resistance
Jewellery
 i - a ring of positive energy (left hand)
 u - a ring of flight (right hand)
 x - an amulet of regeneration (around neck)
Wands
 n - a wand of disintegration (30)
Scrolls
 g - 2 scrolls of fear
 j - 5 scrolls of identify
 q - a scroll of immolation
 t - a scroll of fog
 y - a scroll of remove curse
 D - a scroll of blinking {unknown}
 F - a scroll of random uselessness {unknown}
 J - a scroll of teleportation {unknown}
 K - 2 scrolls of enchant weapon
Potions
 e - 2 potions of heal wounds {unknown}
 h - 3 potions of lignification {unknown}
 l - a potion of flight {unknown}
 m - a potion of degeneration {unknown}
 o - a potion of cancellation {unknown}
 p - a potion of brilliance {unknown}
 r - a potion of magic {unknown}
 s - 2 potions of curing {unknown}
 z - a potion of invisibility {unknown}
 A - a potion of resistance {unknown}
 B - a potion of haste {unknown}
 C - a potion of agility {unknown}
 E - a potion of berserk rage {unknown}
Comestibles
 f - 20 rations


   Skills:
 + Level 8.4(13.4) Fighting
 + Level 11.7(16.7) Maces & Flails
 + Level 9.2(14.2) Armour
 - Level 2.1(7.1) Dodging
 - Level 0.9(5.9) Stealth
 + Level 10.9(15.9) Shields
 + Level 0.3 Invocations


You had 9 spell levels left.
You didn't know any spells.
Your spell library was empty.

Dungeon Overview and Level Annotations

Branches:
Dungeon (10/15)            Temple (0/1) D:6
   Lair: D:8-11         Orc: D:9-12

Altars:
Cheibriados
Nemelex Xobeh
Okawaru
Vehumet

Shops:
D:4 *   D:5 ?   D:8 [   D:9 }


Innate Abilities, Weirdness & Mutations

You reflexively headbutt those who attack you in melee.
You have a pair of horns on your head.


Message History

Your headbutt misses the purple ugly thing.
The purple ugly thing is moderately wounded.
You feel sick.
The purple ugly thing basks in the mutagenic energy from its kin and changes!
You sock the brown ugly thing!
You headbutt the brown ugly thing, but do no damage.
The brown ugly thing is heavily wounded.
The purple ugly thing basks in the mutagenic energy from its kin and changes!
You bludgeon the brown ugly thing!!
The brown ugly thing is severely wounded.
You feel sick.
You block the purple ugly thing's attack.
You sock the brown ugly thing!
The brown ugly thing is severely wounded.
You feel sick.
The brown ugly thing basks in the mutagenic energy from its kin and changes!
You completely miss the purple ugly thing.
The purple ugly thing is severely wounded.
The purple ugly thing engulfs you!
You die...

≈......≈≈ #.u....≈#
#≈.....≈# ...# #≈.....≈#
....## #≈....≈≈#
......######## #...≈≈# #
............u#####'#####..
............@uu...........
........######..†.....####
#....#....#........#
#...†#....#........#
#....#....#........#
#....####'#........##
#......................
#......................
#.........#########......


You could see 3 ugly things.

Vanquished Creatures
  A two-headed ogre (D:9)
  4 ugly things
  A komodo dragon (D:10)
  Grinder (D:3)
  3 hippogriffs
  Menkaure (D:5)
  4 ice beasts
  An orc warrior (D:7)
  2 sky beasts
  A black bear (D:8)
  A hornet zombie (D:5)
  A phantom (D:8)
  4 ogres
  3 centaurs
  4 bullfrogs
  3 scorpions
  3 killer bees (D:9)
  3 howler monkeys
  A crimson imp (D:10)
  A centaur zombie (D:5)
  A quasit (D:7)
  5 hounds
  A gnoll shaman (D:5)
  2 orc priests (D:7)
  2 jellies
  3 centaur skeletons
  2 iguanas
  3 orc wizards
  5 worker ants
  2 hound zombies (D:7)
  3 hound skeletons
  3 gnolls (D:5)
  11 adders
  6 shadow imps
  An ooze (D:1)
  An adder skeleton (D:5)
  3 worms
  4 dart slugs
  6 leopard geckos
  16 orcs
  7 bats
  9 giant cockroaches
  7 goblins
  8 hobgoblins
  15 jackals
  8 kobolds
  3 quokkas
  2 ball pythons
  9 frilled lizards
  A giant cockroach zombie (D:6)
  A quokka skeleton (D:7)
  10 rats
203 creatures vanquished.

Notes
Turn   | Place    | Note
-------+----------+-------------------------------------------
     0 | D:1      | Ytarr the Minotaur Fighter began the quest for the Orb.
     0 | D:1      | Reached XP level 1. HP: 19/19 MP: 0/0
    69 | D:1      | Reached XP level 2. HP: 27/27 MP: 1/1
   252 | D:1      | Reached XP level 3. HP: 30/33 MP: 2/2
   787 | D:2      | Reached skill level 3 in Maces & Flails
   871 | D:2      | Reached XP level 4. HP: 40/40 MP: 3/3
  1812 | D:3      | Reached XP level 5. HP: 42/47 MP: 4/4
  1848 | D:3      | Reached skill level 5 in Shields
  1971 | D:3      | Noticed Grinder
  1994 | D:3      | Killed Grinder
  1994 | D:3      | Reached skill level 4 in Maces & Flails
  1994 | D:3      | Reached skill level 1 in Dodging
  1994 | D:3      | Reached XP level 6. HP: 40/55 MP: 5/5
  2103 | D:3      | Reached skill level 5 in Maces & Flails
  2735 | D:4      | Found Qopiteass's General Store.
  3301 | D:5      | Entered Level 5 of the Dungeon
  3312 | D:5      | Found Diugo's Magic Scroll Shoppe.
  3319 | D:5      | Bought a scroll of identify for 22 gold pieces
  3319 | D:5      | Bought a scroll of identify for 22 gold pieces
  3328 | D:5      | Reached skill level 5 in Fighting
  3339 | D:5      | Found an iron altar of Okawaru.
  3362 | D:5      | Reached XP level 7. HP: 61/61 MP: 6/6
  3366 | D:5      | Became a worshipper of Warmaster Okawaru
  3491 | D:5      | Reached skill level 5 in Armour
  3533 | D:5      | Found a sparkling altar of Nemelex Xobeh.
  3957 | D:5      | Reached * piety under Okawaru
  3957 | D:5      | Reached skill level 6 in Maces & Flails
  4037 | D:5      | Noticed Menkaure
  4048 | D:5      | Killed Menkaure
  4048 | D:5      | Reached XP level 8. HP: 69/69 MP: 7/7
  4465 | D:6      | Reached skill level 7 in Maces & Flails
  4469 | D:6      | Reached ** piety under Okawaru
  4628 | D:6      | Found a staircase to the Ecumenical Temple.
  4831 | D:6      | Found a snail-covered altar of Cheibriados.
  4886 | D:6      | Reached skill level 8 in Maces & Flails
  5154 | D:7      | Reached XP level 9. HP: 75/75 MP: 8/8
  5700 | D:7      | Reached *** piety under Okawaru
  5700 | D:7      | Reached skill level 9 in Maces & Flails
  6498 | D:8      | Found Esesuhe's Antique Armour Shop.
  6517 | D:8      | Bought a shiny ring mail for 203 gold pieces
  6613 | D:9      | Found a radiant altar of Vehumet.
  6615 | D:9      | Noticed a two-headed ogre
  6634 | D:9      | Killed a two-headed ogre
  6634 | D:9      | Reached **** piety under Okawaru
  6634 | D:9      | Reached skill level 10 in Maces & Flails
  6634 | D:9      | Reached XP level 10. HP: 66/86 MP: 9/9
  6670 | D:9      | Noticed a cyan ugly thing
  6688 | D:9      | Killed a cyan ugly thing
  6688 | D:9      | Reached skill level 10 in Shields
  6742 | D:9      | Reached skill level 11 in Maces & Flails
  6750 | D:9      | Reached ***** piety under Okawaru
  6769 | D:9      | Found Garuel's Gadget Emporium.
  7189 | D:10     | Entered Level 10 of the Dungeon
  7244 | D:10     | Noticed a green ugly thing
  7244 | D:10     | Noticed a white ugly thing
  7247 | D:10     | Noticed a green ugly thing
  7247 | D:10     | Noticed a red ugly thing
  7248 | D:10     | Noticed a cyan ugly thing
  7261 | D:10     | Killed a white ugly thing
  7261 | D:10     | Noticed a white ugly thing
  7265 | D:10     | Killed a purple ugly thing
  7284 | D:10     | Killed a white ugly thing
  7284 | D:10     | Received a gift from Okawaru
  7296 | D:10     | Slain by a purple ugly thing

Levels and vault maps discovered:
D:1:      dpeg_arrival_fog, layout_basic
D:2:      layout_loops_ring, grunt_decor_cap, hangedman_glass_teeth,
          corner_web_ring
D:3:      layout_loops_ring, uniq_grinder
D:4:      layout_gridville, serial_shops, nicolae_shop_trees
D:5:      layout_basic, nicolae_overflow_crystal_walls,
          overflow_temple_1_default, first_ration, serial_shops,
          nicolae_shop_stone, uniq_menkaure
D:6:      layout_cave_pools, slow_altar_2, minmay_temple_entry_waves
D:7:      layout_basic, wad_floor_pattern_2
D:8:      layout_basic, tso_oasis_becter, serial_shops, shop, uniq_pikel
D:9:      layout_cave_pools, serial_column_ruins, column_ruins_grid_1,
          column_ruins_open_tiny, column_ruins_open_small_water,
          column_ruins_open_large, column_ruins_open_tiny_water,
          column_ruins_columns_straight, column_ruins_open_small, serial_shops,
          nicolae_shop_statue_plus, basic_altar
D:10:     cheibrodos_breeding_chamber, layout_irregular_city, lair_entry_dummy,
          uniq_maurice

Skill      XL: |  1  2  3  4  5  6  7  8  9 10 |
---------------+-------------------------------+-----
Fighting       | 4 5 6 7 8 |  8.4
Armour         | 4 6 7 8 9 |  9.2
Shields        | 4 5 6 7 8 9 10 | 10.9
Maces & Flails | 3 4 5 6 8 10 11 | 11.7
Dodging        | 1 2 |  2.1
Stealth        | |  0.9
Invocations    | |  0.3

Action                   |  1- 3 |  4- 6 |  7- 9 | 10-12 || total
-------------------------+-------+-------+-------+-------++-------
Melee: Flail             |   118 |   220 |   258 |   104 ||   700
       Headbutt          |    10 |    33 |    49 |    21 ||   113
Invok: Heroism           |       |       |       |     3 ||     3
  Use: Scroll            |     3 |     6 |    12 |     1 ||    22
       Potion            |       |       |     1 |       ||     1
  Eat: Chunk             |       |     7 |     7 |       ||    14
       Ration            |       |       |     2 |       ||     2
Armor: Scale mail        |    20 |       |       |       ||    20
       Chain mail        |    17 |   122 |   118 |    41 ||   298
Dodge: Dodged            |    31 |    39 |    87 |    29 ||   186
Block: Shield            |    62 |   131 |   165 |    78 ||   436

Table legend:
 A = Non-vault XP
 B = Vault XP
 C = Vault XP percentage of total XP
 D = Non-vault monster count
 E = Vault monster count
 F = Vault count percentage of total count
                 A         B        C        D         E       F
            +---------+---------+-------+---------+---------+-------
      Total |    7262 |    2066 |  22.1 |     197 |       6 |   3.0
            +---------+---------+-------+---------+---------+-------
        D:1 |      67 |       0 |   0.0 |      33 |       0 |   0.0
        D:2 |      66 |       0 |   0.0 |      23 |       0 |   0.0
        D:3 |     141 |     281 |  66.6 |      40 |       1 |   2.4
        D:4 |     103 |       0 |   0.0 |       7 |       0 |   0.0
        D:5 |     704 |     172 |  19.6 |      18 |       1 |   5.3
        D:6 |    1136 |       5 |   0.4 |      21 |       1 |   4.5
        D:7 |    1343 |       0 |   0.0 |      24 |       0 |   0.0
        D:8 |     565 |       0 |   0.0 |      10 |       0 |   0.0
        D:9 |    2594 |       0 |   0.0 |      17 |       0 |   0.0
       D:10 |     543 |    1608 |  74.8 |       4 |       3 |  42.9
            +---------+---------+-------+---------+---------+-------
